 Dungeon Crawl Stone Soup version 0.29-a0-304-gb34f9e133a (webtiles) character file.

Game seed: 15583578485089319311

3252 wakim the Cleaver (level 9, -7/118 HPs)
             Began as a Palentonga Fighter on Mar 26, 2022.
             Was an Initiate of Yredelemnul.
             Mangled by a hornet (10 damage)
             ... on level 7 of the Dungeon.
             The game lasted 00:25:04 (8708 turns).

wakim the Cleaver (Palentonga Fighter)              Turns: 8708, Time: 00:25:05

Health: -7/118     AC: 24    Str: 23    XL:     9   Next: 67%
Magic:  10/10      EV:  1    Int:  8    God:    Yredelemnul [......]
Gold:   279        SH:  6    Dex: 17    Spells: 8/8 levels left

rFire   . . .      SeeInvis +   a - +2 hand axe (freeze)
rCold   . . .      Faith    .   c - +0 buckler
rNeg    . . .      Spirit   .   (body armour currently unavailable)
rPois   +          Reflect  .   (helmet currently unavailable)
rElec   .          Harm     .   (cloak currently unavailable)
rCorr   .          Rampage  .   (gloves currently unavailable)
Will    +....      NoTele   +   (no barding)
Stlth   ++........              (no amulet)
HPRegen 0.29/turn               R - ring of willpower
MPRegen 0.12/turn               S - +6 ring of dexterity

@: lethally poisoned (-7 -> -10), tree-form, slowed, very slow
A: stationary, stasis, torment immunity, boosted hp, large, rugged brown scales
3, see invisible, (deformed body), (roll 1), (armoured tail), (reflexive curl)
a: Renounce Religion, Recall Undead Harvest


You were on level 7 of the Dungeon.
You worshipped Yredelemnul.
Yredelemnul was noncommittal.
You were a tree.
You visited 2 branches of the dungeon, and saw 8 of its levels.
You also visited: Sewer.

You collected 419 gold pieces.
You spent 140 gold pieces at shops.

Inventory:

Hand Weapons
 a - a +2 hand axe of freezing (weapon)
 I - a +2 short sword of flaming
 P - a +0 flail
 W - a +1 broad axe
Missiles
 C - 11 poisoned darts
 E - a curare-tipped dart {=f}
 N - 4 boomerangs
 Y - a throwing net {=f!f}
 Z - 4 javelins
Armour
 c - a +0 buckler (worn)
 K - a +2 leather armour of fire resistance (melded)
 V - a +0 cloak (melded)
 X - a +0 pair of gloves (melded)
Jewellery
 O - a ring of positive energy
 R - a ring of willpower (left branch)
 S - a +6 ring of dexterity (right branch)
Scrolls
 z - a scroll of teleportation {unknown}
 H - a scroll of brand weapon {unknown}
 M - a scroll of enchant armour {unknown}
 Q - a scroll of immolation {!r!r}
 T - 3 scrolls of amnesia
 U - a scroll of fear
Potions
 A - a potion of ambrosia {unknown}
 B - a potion of invisibility {unknown}
 D - 3 potions of brilliance
 G - a potion of cancellation {unknown}


   Skills:
 * Level 7.8 Fighting
 * Level 9.4(9.6) Axes
 - Level 2.1(6.3) Maces & Flails
 - Level 2.4 Armour
 - Level 5.7 Shields
 + Level 2.3 Invocations


You had 8 spell levels left.
You didn't know any spells.
Your spell library contained the following spells:

 Spells                   Type           Power      Damage    Failure   Level
 Summon Small Mammal      Summ           0%         N/A       45%         1
 Call Canine Familiar     Summ           0%         N/A       83%         3
 Summon Guardian Golem    Hex/Summ       0%         N/A       83%         3


Dungeon Overview and Level Annotations

Branches:
Dungeon (7/15)             Temple (1/1) D:7           Sewer (visited)

Altars:
Ashenzari
Cheibriados
Dithmenos
Elyvilon
Fedhas
Gozag
Hepliaklqana
Makhleb
Nemelex Xobeh
Okawaru
Qazlal
Ru
Sif Muna
Trog
Uskayaw
Vehumet
Wu Jian
Xom
Yredelemnul
Zin
The Shining One

Shops:
D:3 *   D:4 *


Innate Abilities, Weirdness & Mutations

You are a tree.
Your roots penetrate the ground, keeping you stationary.
You cannot be teleported.
You are immune to unholy pain and torment.
Your maximum health is greatly increased.
Your equipment is partially melded.
(You are completely covered in rugged brown scales. (AC +3, +7% HP))
You have supernaturally acute eyesight. (SInv)
((Armour fits poorly on your strangely shaped body.))
((You can roll at nearby foes to attack.))
((You have a long armoured tail.))
((You curl defensively after being hit. (AC +7*)))


Message History

* * * LOW HITPOINT WARNING * * *
You are more poisoned.
You feel as though you will be slow longer. 21/79 (+20) Unknown command.
Really quaff
L - a potion of lignification {!q}?
Okay, then.
Really quaff
L - a potion of lignification {!q}?
Really quaff the potion of lignification?
You turn into a tree.
Your +0 cloak melds into your body.
Your +0 pair of gloves melds into your body.
Your +2 leather armour of fire resistance melds into your body.
You feel less resistant to fire.
Your roots penetrate the ground.
You feel very sick. The hornet stings you.
* * * LOW HITPOINT WARNING * * *
Your gnoll zombie closely misses the hornet.
The hornet stings you but does no damage.
Your gnoll zombie misses the hornet. 24/118 (+3)
You hit the hornet but do no damage.
The hornet is heavily wounded.
You feel sick. You block the hornet's attack. The hornet stings you!
* * * LOW HITPOINT WARNING * * *
Your gnoll zombie closely misses the hornet. 12/118 (-12)
You hit the hornet. You freeze the hornet.
The hornet is heavily wounded.
You feel sick. The hornet barely misses you.
Your gnoll zombie barely misses the hornet.
You block the hornet's attack. 10/118 (-2) Unknown command.
You hit the hornet. You freeze the hornet.
The hornet is severely wounded.
You feel sick. The hornet stings you.
* * * LOW HITPOINT WARNING * * *
Your gnoll zombie hits the hornet.
The hornet stings you!
You die...
Your body rises from the dead as a mindless zombie.

###### ####.[..# ##### #....#
##.......# ....# #....#
#######..#.)...# ....# #....#
#.......)......# ....###....#
#...........<..#
...........####>.....).)#....#
....###.................######
........................#
.....#.......##.♣.......#
..........#####Zy...>...#
...............###..##..#
......)........# ##..##..
...###.........# ##...... #..#
#.).......# #### #..#
##.......## #..# ##...(..#
#..# ##..####


You could see a hornet (ally target) and a friendly gnoll zombie.

Vanquished Creatures
  A hornet (D:4)
  2 steam dragons (D:7)
  Eustachio (D:4)
  Menkaure (D:4)
  2 water moccasins
  An orc warrior (D:6)
  A black bear (D:6)
  A sky beast (D:6)
  2 ice beasts
  2 ogres
  A centaur (D:5)
  2 kobold brigands (Sewer)
  5 scorpions
  8 wights
  5 hounds
  2 jellies
  A gnoll shaman (D:7)
  5 iguanas
  3 orc wizards
  Natasha (D:2)
  6 gnolls
  7 adders
  A river rat (D:5)
  2 shadow imps (D:6)
  A white imp (D:5)
  5 worms
  2 dart slugs
  14 orcs
  6 ball pythons
  4 bats
  9 endoplasms
  A giant cockroach (D:3)
  4 goblins (D:3)
  6 hobgoblins
  4 jackals (D:3)
  15 kobolds
  2 quokkas
  2 frilled lizards
  15 rats
153 creatures vanquished.

Vanquished Creatures (others)
  A scorpion zombie (D:7)
  A gnoll zombie (D:7)
2 creatures vanquished.

Grand Total: 155 creatures vanquished

Notes
Turn   | Place    | Note
-------+----------+-------------------------------------------
     0 | D:1      | wakim the Palentonga Fighter began the quest for the Orb.
     0 | D:1      | Reached XP level 1. HP: 19/19 MP: 1/1
    42 | D:1      | !bestwep
   384 | D:1      | Found a faded altar of an unknown god.
   430 | D:1      | Reached XP level 2. HP: 25/25 MP: 2/2
   726 | D:2      | !bestwep
   747 | D:2      | Reached skill level 1 in Axes
  1206 | D:2      | Noticed Natasha
  1208 | D:2      | Killed Natasha
  1209 | D:2      | Reached XP level 3. HP: 31/31 MP: 3/3
  1281 | D:2      | Reached skill level 2 in Axes
  1678 | D:2      | Reached XP level 4. HP: 16/38 MP: 4/4
  2394 | D:3      | Found an opulent altar of Gozag.
  2396 | D:3      | Found Gozag's Platinum Reserve.
  2850 | D:3      | Noticed a scorpion
  2851 | D:3      | Killed a scorpion
  2852 | D:3      | Reached skill level 3 in Axes
  2852 | D:3      | Reached XP level 5. HP: 44/44 MP: 5/5
  3384 | D:4      | !bestweop
  3384 | D:4      | !bestwep
  3844 | D:4      | Noticed Eustachio
  3856 | D:4      | Killed Eustachio
  3857 | D:4      | Reached skill level 4 in Axes
  3857 | D:4      | Reached XP level 6. HP: 31/52 MP: 6/6
  3993 | D:4      | Found Totrohu's General Store.
  3998 | D:4      | Bought a potion of resistance for 140 gold pieces
  4035 | D:4      | Found an ornate altar of the Wu Jian Council.
  4036 | D:4      | Found a shimmering blue altar of Sif Muna.
  4036 | D:4      | Found a blossoming altar of Fedhas.
  4036 | D:4      | Found a sacrificial altar of Ru.
  4039 | D:4      | Found a glowing silver altar of Zin.
  4039 | D:4      | Found a shimmering altar of Xom.
  4069 | D:4      | Noticed a hornet
  4073 | D:4      | Paralysed by a hornet for 2 turns
  4076 | D:4      | Killed a hornet
  4077 | D:4      | Reached skill level 5 in Axes
  4077 | D:4      | Gained mutation: You curl defensively after being hit. (AC
                  | +7*) [Palentonga growth]
  4077 | D:4      | Reached XP level 7. HP: 9/58 MP: 7/7
  4370 | D:4      | Noticed Menkaure
  4380 | D:4      | Killed Menkaure
  4381 | D:4      | Reached skill level 5 in Fighting
  4668 | D:5      | Entered Level 5 of the Dungeon
  4770 | D:5      | Reached skill level 6 in Axes
  5068 | D:5      | Found a glowing drain.
  5074 | D:5      | Reached XP level 8. HP: 64/67 MP: 8/8
  5128 | Sewer    | Entered a sewer
  5800 | D:5      | Reached skill level 7 in Axes
  6012 | D:5      | Reached skill level 5 in Shields
  6647 | D:6      | Reached skill level 8 in Axes
  6671 | D:6      | Reached XP level 9. HP: 59/75 MP: 9/9
  7326 | D:7      | Found a staircase to the Ecumenical Temple.
  7340 | Temple   | Entered the Ecumenical Temple
  7418 | Temple   | Became a worshipper of Yredelemnul the Dark
  7942 | D:7      | Reached skill level 1 in Invocations
  7958 | D:6      | Reached skill level 9 in Axes
  8445 | D:6      | !bestwep
  8502 | D:7      | !bestwep
  8700 | D:7      | Paralysed by a hornet for 1 turns
  8702 | D:7      | Paralysed by a hornet for 2 turns
  8703 | D:7      | HP: 1/79 [hornet (11)]
  8708 | D:7      | HP: 3/118 [hornet (6)]
  8708 | D:7      | Mangled by a hornet

Illustrated notes

.....#....
###....#...
#.........#
#.........#
.........# ....#
.......#
....#######....#
....##.........#####
....##..........@..#
...................#
...................#
#............#######
...)...†.......
.....#...##....
.....#...##.....
.....#...........
.....#...$..


Turn 42 on D:1: !bestwep ######### #.......# #.......# #...†...####.
#.@.......... #....°.##### ##.....# #.....# #.....# #.....# ####### Turn 726 on
D:2: !bestwep .# .# ...# ## .#.# ##.#.#.# # .####....#.###. + .g............. #
#|.@##.# #......# #......# #......# #+# #.....## #.# #.....# #.# ###.###
##.##########.# ##.............# Turn 3384 on D:4: !bestweop ########.# #...
########.# ###. #........# #. #.######.# #. #.# #.# #. #.# #.# ###########. #.#
#.#############........... #.######........>.......########.
#......(........@.............).. ####################....######### #...## #####
Turn 8445 on D:6: !bestwep #....# #....# #.[..# ####.[..# ##.......#
#######..#.)...# #.......)......# ## . #...........<..# .. .. #>.....@.)#....#
##g.. ..........###### ..... ..........# #.... #.........# ..... #.....>...#
..... .###..##..# ..... ##. ##.. #.... ## .... ... Turn 8502 on D:7: !bestwep

Levels and vault maps discovered:
D:1:      psy_arrival_radial02, layout_basic, ebering_ecumenical_altar_abandoned
D:2:      layout_basic, uniq_natasha
D:3:      layout_basic, nicolae_gozag_zags_fifth_avenue, st_stairs_5
D:4:      layout_loops_corners, grunt_temple_overflow_open, serial_shops, shop,
          kennysheep_generic_room_12, uniq_menkaure, uniq_eustachio
D:5:      layout_rooms, cheibrodos_sewer_entry_sluice
D:6:      layout_loops_ring
D:7:      minmay_chambers_of_sevens, layout_rooms, minmay_temple_entry_arrows
Temple:   jpeg_temple_clearing

Skill      XL: |  1  2  3  4  5  6  7  8  9 |
---------------+----------------------------+-----
Axes           | 1 2 3 4 5 6 8 9 |  9.4
Shields        | 3 4 5 |  5.7
Fighting       | 4 5 6 7 |  7.8
Invocations    | 2 |  2.3
Maces & Flails | |  2.1
Armour         | |  2.4

Action                   |  1- 3 |  4- 6 |  7- 9 || total
-------------------------+-------+-------+-------++-------
Melee: Hand axe          |    60 |    87 |   283 ||   430
       Flail             |     5 |       |       ||     5
       Tailslap          |     4 |    12 |    41 ||    57
Throw: Dart              |       |       |    16 ||    16
 Abil: Rolling Charge    |    26 |    37 |    47 ||   110
  Use: Scroll            |     2 |     3 |     5 ||    10
       Potion            |       |     2 |     4 ||     6
Armor: Scale mail        |    20 |    12 |       ||    32
       Leather armour    |       |    16 |    81 ||    97
       Skin              |       |       |     1 ||     1
Dodge: Dodged            |    18 |    24 |    86 ||   128
Block: Buckler           |    14 |     8 |    64 ||    86

Table legend: (Time is in decaauts)
 A = Elapsed time spent in this place.
 B = Non-inter-level travel time spent in this place.
 C = Inter-level travel time spent in this place.
 D = Time resting spent in this place.
 E = Time spent auto-exploring this place.
 F = Levels seen in this place.
 G = Mean time per level.
                   A        B        C        D        E       F      G
               +--------+--------+--------+--------+--------+-----+--------+
         Total |   8837 |   8497 |    340 |   1871 |   4937 |   9 |  981.9 |
       Dungeon |   8038 |   7720 |    318 |   1618 |   4642 |   7 | 1148.3 |
        Temple |     99 |     77 |     22 |      0 |     54 |   1 |   99.0 |
         Sewer |    699 |    699 |      0 |    253 |    241 |   1 |  699.0 |
               +--------+--------+--------+--------+--------+-----+--------+

Top non-repeatable levels by time:
     D:6: 1950 daAuts
     D:4: 1636 daAuts
     D:2: 1278 daAuts
     D:1: 1076 daAuts
     D:3: 959 daAuts
   Sewer: 699 daAuts
     D:5: 669 daAuts
     D:7: 468 daAuts
  Temple: 99 daAuts
